Map: New Gettysburg LE

Players

LolWtfRofl

  • Race: Zerg Zerg
  • League: Gold

Nickos - Winner!

  • Race: Terran Terran
  • League: Gold

VOD

Have the link to the VOD?

Description

Time

  • Played on: Sept. 30, 2016, 1:48 a.m.
  • Length: 9:58
Show
View Real Time Build Order
Export as new Build Order

LolWtfRofl Zerg 

Build Orders: Hatch First 

Get SALT Encoding   

  12  0:01  Drone  
  13  0:13  Overlord  
  13  0:18  Drone  
  14  0:25  Extractor  
  14  0:26  Drone  
  15  0:32  Drone  
  15  0:35  Drone  
  17  0:46  Drone  
  18  1:00  Hatchery  
  17  1:06  Extractor  
  16  1:16  Spawning Pool  
  16  1:17  Drone  
  16  1:21  Drone  
  16  1:25  Drone  
  18  1:32  Overlord  
  18  1:40  Drone  
  19  1:51  Drone  
  20  2:03  Queen  
  20  2:06  Zergling x2  
  23  2:16  Queen  
  23  2:17  Roach Warren  
  23  2:18  Zergling x2  
  23  2:20  Zergling x2  
  26  2:26  Metabolic Boost  
  26  2:31  Zergling x2  
  26  2:34  Zergling x2  
  28  3:02  Extractor  
  28  3:04  Drone x5  
  28  3:05  Drone  
  33  3:15  Overlord  
  33  3:21  Spore Crawler  
  33  3:26  Spore Crawler  
  31  3:28  Spine Crawler  
  31  3:29  Drone x2  
  27  4:01  Roach x5  
  27  4:02  Roach x2  
  41  4:07  Drone  
  42  4:12  Overlord  
  42  4:15  Burrow  
  42  4:31  Roach x4  
  50  4:40  Lair  
  50  4:43  Drone  
  51  4:48  Overlord  
  51  4:59  Overlord  
  51  5:17  Drone x3  
  51  5:18  Drone x2  
  51  5:20  Drone  
  57  5:25  Overlord  
  57  5:26  Queen  
  59  5:32  Drone  
  59  5:33  Drone x2  
  62  5:36  Drone  
  61  6:06  Baneling Nest  
  60  6:12  Glial Reconstitution  
  60  6:15  Roach x5  
  60  6:16  Roach x3  
  76  6:24  Extractor  
  75  6:26  Queen, Extractor  
  75  6:27  Overlord x2  
  76  6:42  Hatchery  
  75  6:48  Spire  
  75  6:51  Evolution Chamber  
  73  6:57  Evolution Chamber  
  73  7:01  Drone  
  73  7:03  Drone x3  
  73  7:04  Drone  
  77  7:20  Drone x3  
  77  7:21  Drone  
  77  7:22  Drone x2  
  83  7:24  Centrifical Hooks  
  83  7:29  Zergling x4  
  85  7:31  Zergling x2  
  86  7:51  Baneling x4  
  83  8:03  Corruptor x3  
  82  8:16  Zergling x8  
  82  8:17  Zergling x4  
  71  8:27  Roach  
  71  8:28  Roach x2  
  44  8:43  Roach x3  
  42  9:02  Zergling x8  
  40  9:03  Zergling x4  
  40  9:08  Zergling x6  
  43  9:10  Zergling x2  
Show
View Real Time Build Order
Export as new Build Order

Nickos Terran - Winner!

Build Orders:  

Get SALT Encoding   

  12  0:01  SCV  
  13  0:13  SCV  
  14  0:19  Supply Depot  
  14  0:25  SCV  
  15  0:41  SCV  
  16  0:43  Barracks  
  16  0:53  SCV  
  17  1:05  SCV  
  18  1:17  SCV  
  19  1:21  Command Center  
  19  1:30  Orbital Command  
  19  1:34  Marine  
  20  1:47  Supply Depot  
  20  1:52  Marine  
  21  1:58  SCV  
  22  2:09  Barracks  
  22  2:10  Marine, SCV  
  24  2:17  Barracks  
  24  2:22  SCV  
  25  2:27  Marine  
  25  2:29  Refinery  
  26  2:30  Refinery  
  26  2:34  SCV  
  27  2:39  Orbital Command  
  27  2:47  Marine  
  27  2:48  Bunker  
  28  3:00  SCV  
  28  3:01  Marine  
  28  3:05  Marine  
  30  3:06  Barracks Tech Lab  
  30  3:11  SCV  
  30  3:12  SCV  
  33  3:19  Barracks Reactor  
  33  3:34  Barracks Reactor, Supply Depot  
  33  3:40  Supply Depot  
  33  3:53  SCV x2  
  34  3:56  Marine x2  
  34  3:57  Marine  
  34  4:02  Factory  
  37  4:04  Supply Depot  
  37  4:05  SCV  
  38  4:10  Marine, Stimpack  
  38  4:11  Marine  
  38  4:13  SCV  
  38  4:14  Marine  
  42  4:17  SCV  
  42  4:19  Marine  
  42  4:20  Marine  
  45  4:25  SCV  
  45  4:28  Marine  
  45  4:29  SCV  
  45  4:30  Supply Depot  
  47  4:36  Barracks  
  47  4:37  SCV  
  48  4:38  Marine x2  
  48  4:39  Marine  
  48  4:41  SCV  
  52  4:47  Barracks  
  52  4:49  SCV  
  52  4:51  Starport  
  52  4:52  Factory Reactor  
  53  4:55  SCV  
  54  5:01  SCV  
  54  5:03  Marine x4  
  54  5:04  Marine  
  60  5:07  SCV  
  60  5:08  Supply Depot  
  61  5:19  SCV  
  61  5:20  SCV  
  63  5:22  Marine x2  
  63  5:23  Marine x2  
  63  5:25  Barracks Tech Lab  
  67  5:31  SCV  
  67  5:33  SCV  
  67  5:34  Marine  
  69  5:37  Medivac x2  
  69  5:38  Widow Mine  
  75  5:44  SCV  
  76  5:54  Liberator  
  75  5:58  Marine  
  75  5:59  Marine x3  
  75  6:01  Marauder x2  
  75  6:04  Supply Depot  
  83  6:06  Supply Depot  
  86  6:21  Command Center  
  86  6:25  Marine x3, Marauder x2  
  93  6:27  Supply Depot  
  93  6:29  Supply Depot  
  93  6:32  Medivac  
  95  6:36  SCV x2  
  97  6:43  Engineering Bay  
  97  6:46  Marine  
  98  6:47  Engineering Bay  
  98  6:48  SCV  
  98  6:50  SCV  
  98  6:51  Marine x2  
  102  6:57  Supply Depot  
  102  6:58  Marine  
  102  6:59  Supply Depot  
  103  7:04  Marauder  
  103  7:05  Marauder  
  103  7:07  Medivac  
  109  7:29  Marine x3  
  111  7:30  Marine, Marauder  
  111  7:31  Marauder  
  111  7:33  Terran Infantry Weapons Level 1  
  116  7:52  Marauder x2  
  118  8:01  Liberator  
  118  8:02  Liberator  
  106  8:13  Marauder  
  106  8:17  Marine x4  
  106  8:18  Marine  
  109  8:34  Marine  
  109  8:35  Marine x5  
  112  8:52  Marine x2  
  112  8:53  Marine x3  
  114  8:56  Marine  
  114  9:01  Medivac  
  114  9:02  Orbital Command  
  113  9:10  Marine x2  
  113  9:11  Marine  
  113  9:15  Marine x3  
  116  9:28  Marauder  
  115  9:32  Marine x3  
  115  9:33  Marine  
  115  9:34  Marauder  
Tags
 
Add a new tag
Caveats
  • Supply blocks, unpowered buildings, or Contaminate may cause inaccurate times.
  • Supply counts are checked every 10 seconds.